[Event "*** SCC Grand Prix: Titled Tuesday Blitz"]
[Site "Chess.com"]
[Date "2020.07.07"]
[Round "2"]
[White "Savva09022009"]
[Black "volkanyirik"]
[Result "1-0"]
[WhiteElo "2455"]
[BlackElo "2238"]
[TimeControl "180+1"]
[EndTime "10:15:47 PDT"]
[Termination "Savva09022009 won by checkmate"]

1. d4 Nf6 2. Nc3 d5 3. Bf4 g6 4. Qd2 Bg7 5. O-O-O Ne4 6. Nxe4 dxe4 7. f3 exf3 8. Nxf3 O-O 9. h4 Bg4 10. Ne5 Bf5 11.
g4 Be4 12. Rg1 Nc6 13. Nxc6 Bxc6 14. h5 Qd5 15. Bg2 Qxa2 16. Qc3 Bxg2 17. Rxg2 c5 18. Qxc5 Rac8 19. Qa3 Qc4 20. Qd3 Qa2 21. hxg6 hxg6 22. Rh2 Qa1+ 23. Kd2 Qxb2 24. Rdh1 Qxd4 25. Bh6 Qxd3+ 26.
exd3 Be5 27. Rh3 Rfd8 28. Bg5 Bf6 29. Bxf6 exf6 30. Rh8+ Kg7 31. R1h7# 1-0

[Event "*** SCC Grand Prix: Titled Tuesday Blitz"]
[Site "Chess.com"]
[Date "2020.07.07"]
[Round "2"]
[White "Gerodot71"]
[Black "FearNoEvil12"]
[Result "1-0"]
[WhiteElo "2379"]
[BlackElo "2038"]
[TimeControl "180+1"]
[EndTime "10:15:49 PDT"]
[Termination "Gerodot71 won by resignation"]

1. d4 b5 2. e4 a6 3. Nf3 Bb7 4. Bd3 e6 5. O-O Nf6 6. Re1 d6 7. c3 Nbd7 8. Bf4 h6 9. Nbd2 g5 10. Bg3 Rg8 11. e5 Nd5 12. Ne4 Nf4 13. Bf1 Bxe4 14. Rxe4 d5 15. Rxf4 gxf4 16. Bxf4 h5 17. a4 bxa4 18. Qxa4 h4 19. Qc6 Be7 20. Rxa6 Rxa6 21.
Bxa6 Rg4 22. Bh6 Bf8 23. Be3 Be7 24. Bb5 h3 25. g3 Rg6 26. Kf1 f6 27. Qxe6 1-0

[Event "*** SCC Grand Prix: Titled Tuesday Blitz"]
[Site "Chess.com"]
[Date "2020.07.07"]
[Round "2"]
[White "GukeshDommaraju"]
[Black "Srisshhhtea"]
[Result "1-0"]
[WhiteElo "2714"]
[BlackElo "2490"]
[TimeControl "180+1"]
[EndTime "10:15:52 PDT"]
[Termination "GukeshDommaraju won by resignation"]

1. d4 c5 2. d5 Nf6 3. c4 b5 4.
cxb5 a6 5. bxa6 Bxa6 6. Nc3 g6 7.
g3 Bg7 8. Bg2 O-O 9. Nf3 d6 10.
O-O Nbd7 11. Re1 Nb6 12. e4 Qc7 13. Bf4 Nh5 14. Bg5 Nc4 15. Qc2 Rfb8 16. b3 Na3 17. Qd2 Bc8 18. h3 Ra7 19. g4 Nf6 20. e5 Ne8 21.
exd6 Qa5 22. Rac1 Nxd6 23. Bxe7 Rd7 24. Bxd6 Rxd6 25. Re8+ 1-0

[Event "*** SCC Grand Prix: Titled Tuesday Blitz"]
[Site "Chess.com"]
[Date "2020.07.07"]
[Round "2"]
[White "viditchess"]
[Black "Mikhail_Golubev"]
[Result "1-0"]
[WhiteElo "3018"]
[BlackElo "2601"]
[TimeControl "180+1"]
[EndTime "10:15:55 PDT"]
[Termination "viditchess won by resignation"]

1. d4 Nf6 2. c4 g6 3. Nf3 Bg7 4.
g3 O-O 5. Bg2 d6 6. Nc3 Nbd7 7.
O-O e5 8. e4 c6 9. Be3 Ng4 10.
Bg5 f6 11. Bc1 f5 12. exf5 gxf5 13. dxe5 dxe5 14. Nh4 e4 15. Nxf5 Rxf5 16. Qxg4 Nc5 17. Qe2 Qd3 18. Qxd3 exd3 19. Be3 Be6 20. Bh3 Raf8 21.
Bxc5 Bxc4 22. Bxf5 Rxf5 23. Be3 1-0

[Event "*** SCC Grand Prix: Titled Tuesday Blitz"]
[Site "Chess.com"]
[Date "2020.07.07"]
[Round "2"]
[White "SilviusTiberius"]
[Black "snap_man"]
[Result "1-0"]
[WhiteElo "2502"]
[BlackElo "2292"]
[TimeControl "180+1"]
[EndTime "10:15:56 PDT"]
[Termination "SilviusTiberius won by resignation"]

1. e4 c6 2. d4 d5 3. Nd2 dxe4 4. Nxe4 Bf5 5. Ng3 Bg6 6. h4 h6 7. Nf3 Nf6 8. Ne5 Bh7 9. Bd3 Bxd3 10. Qxd3 e6 11. f4 Nbd7 12. Bd2 c5 13. O-O-O cxd4 14. Ng6 Rg8 15. Nxf8 Kxf8 16. Bb4+ Ke8 17. Nf5 Qb6 18.
Nd6+ Kf8 19. Ba3 Nc5 20. Qxd4 Nfd7 21. Ne4 1-0

[Event "*** SCC Grand Prix: Titled Tuesday Blitz"]
[Site "Chess.com"]
[Date "2020.07.07"]
[Round "2"]
[White "jacky72"]
[Black "floplover"]
[Result "1-0"]
[WhiteElo "2641"]
[BlackElo "2289"]
[TimeControl "180+1"]
[EndTime "10:15:58 PDT"]
[Termination "jacky72 won by resignation"]

1. d4 d5 2. c4 e6 3. Nc3 Bb4 4. Nf3 Nf6 5. cxd5 exd5 6. Bg5 Qd6 7. Nd2 c6 8. e3 O-O 9. Bd3 h6 10. Bf4 Qe7 11. O-O Bd6 12. Bxd6 Qxd6 13. Rb1 Re8 14. b4 a5 15. b5 c5 16. dxc5 Qxc5 17. Ne2 a4 18.
Nd4 Nbd7 19. Rc1 Qa3 20. Bb1 Ne5 21. Qc2 Bd7 22. Qc3 Qd6 23. Qc7 Qb4 24. Qc3 Qd6 25.
Qc5 Qxc5 26. Rxc5 Rec8 27. Rfc1 Rxc5 28. Rxc5 Ra5 29. Rc7 b6 30. h3 Bxb5 31. Nxb5 Rxb5 32. Rc8+ 1-0

[Event "*** SCC Grand Prix: Titled Tuesday Blitz"]
[Site "Chess.com"]
[Date "2020.07.07"]
[Round "2"]
[White "rynos0411"]
[Black "pavelalexandru07"]
[Result "1-0"]
[WhiteElo "2421"]
[BlackElo "2166"]
[TimeControl "180+1"]
[EndTime "10:16:02 PDT"]
[Termination "rynos0411 won by resignation"]

1. d4 Nf6 2. c4 c5 3. d5 e6 4. Nc3 exd5 5. cxd5 d6 6. Nf3 g6 7. Bf4 Bg7 8. Qa4+ Bd7 9. Qb3 b5 10. Bxd6 Qb6 11. Be5 c4 12. Qd1 O-O 13. e3 b4 14. Nb1 Rc8 15. Be2 a5 16. O-O Na6 17. Nbd2 c3 18. bxc3 bxc3 19. Nc4 Qc5 20. Rc1 Nxd5 21.
Bxg7 Kxg7 22. e4 Nf6 23. e5 Nd5 24. Nd6 Rd8 25. Nb7 Qc6 26. Nxd8 Rxd8 27. Bxa6 1-0

[Event "*** SCC Grand Prix: Titled Tuesday Blitz"]
[Site "Chess.com"]
[Date "2020.07.07"]
[Round "2"]
[White "Alexandercs432"]
[Black "ajian"]
[Result "0-1"]
[WhiteElo "2147"]
[BlackElo "2417"]
[TimeControl "180+1"]
[EndTime "10:16:02 PDT"]
[Termination "ajian won by resignation"]

1. e4 c5 2. Nf3 Nc6 3. d4 cxd4 4. Nxd4 Nf6 5. Nc3 e5 6. Ndb5 d6 7. Bg5 a6 8. Na3 b5 9. Nd5 Be7 10. Bxf6 Bxf6 11. c3 O-O 12. Nc2 Rb8 13. a4 bxa4 14. Ncb4 Nxb4 15. cxb4 Bb7 16. Rxa4 Bc6 17. Rxa6 Bxd5 18.
Qxd5 Rxb4 19. Qxd6 Rxe4+ 20. Be2 Qc8 21. Qc6 Qg4 22.
f3 Rxe2+ 23. Kxe2 Qxg2+ 0-1

[Event "*** SCC Grand Prix: Titled Tuesday Blitz"]
[Site "Chess.com"]
[Date "2020.07.07"]
[Round "2"]
[White "Kavyev_Ruslan"]
[Black "HanSchut"]
[Result "1-0"]
[WhiteElo "2530"]
[BlackElo "2299"]
[TimeControl "180+1"]
[EndTime "10:16:04 PDT"]
[Termination "Kavyev_Ruslan won on time"]

1. d4 Nf6 2. c4 g6 3. Nc3 d5 4. Bf4 Bg7 5. e3 c5 6. dxc5 Qa5 7. Rc1 dxc4 8. Bxc4 O-O 9. Ne2 Qxc5 10. Qb3 Nc6 11. Nb5 e6 12. Bd6 Qg5 13. Bxf8 Bxf8 14.
O-O Na5 15. Qc3 Ne4 16. Qxa5 b6 17. Qe1 Bb7 18. Ng3 Nd6 19. Nxd6 Bxd6 20. Qe2 h5 21.
Ba6 h4 22. Bxb7 hxg3 23. Bxa8 gxh2+ 24. Kh1 1-0

[Event "*** SCC Grand Prix: Titled Tuesday Blitz"]
[Site "Chess.com"]
[Date "2020.07.07"]
[Round "2"]
[White "Jumbo"]
[Black "druskacik"]
[Result "1-0"]
[WhiteElo "2898"]
[BlackElo "2569"]
[TimeControl "180+1"]
[EndTime "10:16:05 PDT"]
[Termination "Jumbo won by checkmate"]

1. Nf3 d5 2. d4 Nf6 3. c4 e6 4. g3 dxc4 5. Bg2 a6 6. O-O Nc6 7. Bg5 Rb8 8. Nc3 b5 9. d5 Nb4 10. dxe6 Qxd1 11. exf7+ Kxf7 12. Rfxd1 Bb7 13. Ne5+ Ke6 14. Bh3+ Kxe5 15. Bf4# 1-0

[Event "*** SCC Grand Prix: Titled Tuesday Blitz"]
[Site "Chess.com"]
[Date "2020.07.07"]
[Round "2"]
[White "GMNickPert"]
[Black "ExtremeLearner"]
[Result "1-0"]
[WhiteElo "2626"]
[BlackElo "2322"]
[TimeControl "180+1"]
[EndTime "10:16:05 PDT"]
[Termination "GMNickPert won by resignation"]

1. d4 d5 2. c4 e6 3. Nf3 Nf6 4.
Nc3 c6 5. cxd5 exd5 6. Bg5 Bd6 7. e3 Bf5 8. Bd3 Bxd3 9. Qxd3 O-O 10. O-O Nbd7 11.
Rab1 Re8 12. b4 a6 13. a4 h6 14. Bh4 Qc7 15. Bg3 Ne4 16. Bxd6 Qxd6 17. Rfc1 Qg6 18. Qc2 h5 19. Ne2 Qh6 20. Nf4 g5 21. Nd3 f6 22.
b5 axb5 23. axb5 g4 24. Nh4 Qg5 25. g3 Rec8 26. bxc6 Rxc6 27. Qb2 Rxc1+ 28. Rxc1 Re8 29. Qxb7 Nxf2 30. Nxf2 Qxe3 31. Qxd5+ Kh8 32. Qxh5+ Kg8 33.
Qxg4+ 1-0

[Event "*** SCC Grand Prix: Titled Tuesday Blitz"]
[Site "Chess.com"]
[Date "2020.07.07"]
[Round "2"]
[White "Koksik_13"]
[Black "Parhamov"]
[Result "1-0"]
[WhiteElo "2619"]
[BlackElo "3032"]
[TimeControl "180+1"]
[EndTime "10:16:08 PDT"]
[Termination "Koksik_13 won by resignation"]

1. e4 c5 2. Nf3 Nc6 3. c3 Nf6 4.
e5 Nd5 5. d4 cxd4 6. cxd4 d6 7.
Bc4 dxe5 8. Bxd5 Qxd5 9. Nc3 Qa5 10. d5 Nb4 11. a3 e4 12. Ne5 Nd3+ 13. Nxd3 exd3 14.
Qxd3 g6 15. Qd4 f6 16. O-O Bd7 17. Re1 Kf7 18. Bd2 Qb6 19. Qf4 Rc8 20. Ne4 h5 21. Bc3 Bh6 22. Qf3 Bg4 23. Qd3 Bf5 24. Qf3 Rhd8 25.
h3 Rc4 26. Ng3 Rf4 27. Qe2 Rd7 28. Nxf5 Rxf5 29. Qe6+ Ke8 30. Qg8+ Bf8 31. Qxg6+ 1-0

[Event "*** SCC Grand Prix: Titled Tuesday Blitz"]
[Site "Chess.com"]
[Date "2020.07.07"]
[Round "2"]
[White "cukin84"]
[Black "WPWPWP-2015"]
[Result "0-1"]
[WhiteElo "2167"]
[BlackElo "2421"]
[TimeControl "180+1"]
[EndTime "10:16:08 PDT"]
[Termination "WPWPWP-2015 won by checkmate"]

1. e4 c5 2. Nc3 d6 3. f4 g6 4. Nf3 Bg7 5. d3 Nc6 6. g3 e6 7. Bg2 Nge7 8. O-O O-O 9. g4 f5 10.
gxf5 gxf5 11. Kh1 Ng6 12. Rg1 Bd7 13. Be3 Kh8 14. e5 dxe5 15. Bxc5 Nxf4 16. Bxf8 Qxf8 17. Ne2 Nd5 18. c4 Ne3 19. Qd2 Ng4 20. h3 Nf2+ 21. Kh2 e4 22. Ne1 Be5+ 23. Nf4 Qd6 24. Qxf2 Bxf4+ 25. Kh1 e3 26. Qf3 Nd4 27. Qxb7 Rg8 28. Nf3 Ne2 29. Nh4 Ng3+ 30. Kh2 Bg5 31. Nf3 Nf1+ 32. Kh1 Qh2+ 33. Nxh2 Ng3# 0-1

[Event "*** SCC Grand Prix: Titled Tuesday Blitz"]
[Site "Chess.com"]
[Date "2020.07.07"]
[Round "2"]
[White "Caterpiller35"]
[Black "WilliamSchill"]
[Result "1-0"]
[WhiteElo "2369"]
[BlackElo "1973"]
[TimeControl "180+1"]
[EndTime "10:16:08 PDT"]
[Termination "Caterpiller35 won on time"]

1. e4 e5 2. Nf3 Nc6 3. Bc4 Bc5 4.
O-O Nf6 5. d4 Bxd4 6. Nxd4 Nxd4 7.
f4 d6 8. fxe5 dxe5 9. Bg5 Qe7 10. c3 Ne6 11. Bxf6 gxf6 12. Na3 Bd7 13. Qf3 Nf4 14. g3 Rg8 15. Kh1 Bg4 16. Qf2 Bh3 17. gxf4 Bg2+ 18. Qxg2 Rxg2 19. Kxg2 exf4 20. Rxf4 O-O-O 21.
Raf1 Rd2+ 22. R1f2 Rxf2+ 23. Kxf2 Qc5+ 24. Ke2 Qg5 25. Rf2 Qc1 26. Kd3 Qd1+ 27. Rd2 Qf3+ 28. Kc2 Qxe4+ 29.
Bd3 1-0

[Event "*** SCC Grand Prix: Titled Tuesday Blitz"]
[Site "Chess.com"]
[Date "2020.07.07"]
[Round "2"]
[White "Alexsur1981"]
[Black "Ermito2020"]
[Result "1/2-1/2"]
[WhiteElo "2656"]
[BlackElo "2473"]
[TimeControl "180+1"]
[EndTime "10:16:09 PDT"]
[Termination "Game drawn - insufficient material"]

1. e4 e6 2. d4 d5 3. Nd2 Be7 4. Ngf3 Nf6 5. Bd3 c5 6. dxc5 dxe4 7. Nxe4 Nxe4 8. Bxe4 Qxd1+ 9. Kxd1 Bxc5 10. Ne5 Nd7 11. Nxd7 Kxd7 12. Ke2 Kc7 13. Bf4+ Bd6 14. Bxd6+ Kxd6 15. Rad1+ Kc7 16. Rd3 Bd7 17. Rhd1 Rhd8 18. c4 Bc6 19. Rxd8 Rxd8 20. Rxd8 Kxd8 21. Bxc6 bxc6 22. Kd3 c5 23. a3 a5 24. b3 Kc7 25. Kc3 Kc6 26. b4 axb4+ 27. axb4 cxb4+ 28. Kxb4 e5 29. c5 f5 30. Kc4 g5 31. g3 h5 32. h3 f4 33. gxf4 exf4 34. Kd4 g4 35. hxg4 hxg4 36. Ke4 g3 37. fxg3 fxg3 38. Kf3 Kxc5 39. Kxg3 1/2-1/2

[Event "*** SCC Grand Prix: Titled Tuesday Blitz"]
[Site "Chess.com"]
[Date "2020.07.07"]
[Round "2"]
[White "GMKrikor"]
[Black "Semetey"]
[Result "1-0"]
[WhiteElo "2676"]
[BlackElo "2471"]
[TimeControl "180+1"]
[EndTime "10:16:10 PDT"]
[Termination "GMKrikor won by checkmate"]

1. e4 c5 2. Nf3 e6 3. d4 cxd4 4.
Nxd4 a6 5. Bd3 Nc6 6. Nxc6 dxc6 7. O-O e5 8. Nd2 Nf6 9. Nc4 Qc7 10.
f4 Bc5+ 11. Kh1 Ng4 12. Qf3 b5 13. Nxe5 Nxe5 14. fxe5 O-O 15. Qg3 Bd4 16. Bf4 Bxb2 17.
Rab1 Ba3 18. Bh6 f6 19. Bf4 fxe5 20. Bxe5 Qb7 21. Bc4+ Kh8 22. Qxa3 Rxf1+ 23. Rxf1 Bf5 24. Rxf5 bxc4 25. Rf8+ Rxf8 26. Qxf8# 1-0

[Event "*** SCC Grand Prix: Titled Tuesday Blitz"]
[Site "Chess.com"]
[Date "2020.07.07"]
[Round "2"]
[White "Veiso"]
[Black "grandcoach"]
[Result "1/2-1/2"]
[WhiteElo "2388"]
[BlackElo "2106"]
[TimeControl "180+1"]
[EndTime "10:16:12 PDT"]
[Termination "Game drawn by repetition"]

1. d4 Nf6 2. c4 e6 3. Nc3 d5 4.
Nf3 c5 5. cxd5 Nxd5 6. g3 cxd4 7.
Nxd5 Qxd5 8. Qxd4 Qxd4 9. Nxd4 Bb4+ 10. Bd2 Bxd2+ 11. Kxd2 Bd7 12. Bg2 Nc6 13. Nxc6 Bxc6 14. Bxc6+ bxc6 15. Rac1 Rb8 16. b3 Rb6 17. Rc5 Ke7 18.
Rhc1 Rd8+ 19. Ke3 Ra6 20. R1c2 Rd6 21. f4 Kd7 22. a4 Rb6 23. R2c3 Rd5 24. R5c4 a5 25.
Kf3 Rd2 26. Rc5 Rd5 27. R5c4 Rd1 28. Rc5 Rd5 29. R5c4 1/2-1/2

[Event "*** SCC Grand Prix: Titled Tuesday Blitz"]
[Site "Chess.com"]
[Date "2020.07.07"]
[Round "2"]
[White "vitnik2020"]
[Black "Meri-Arabidze"]
[Result "0-1"]
[WhiteElo "2282"]
[BlackElo "2602"]
[TimeControl "180+1"]
[EndTime "10:16:16 PDT"]
[Termination "Meri-Arabidze won by resignation"]

1. d4 d5 2. c4 dxc4 3. e3 Nf6 4.
Bxc4 e6 5. Nf3 a6 6. O-O b5 7. Bb3 Bb7 8. a4 Nbd7 9. Qe2 b4 10. Nbd2 Be7 11. e4 c5 12. e5 Nd5 13. Ne4 h6 14. Nd6+ Bxd6 15. exd6 O-O 16. Rd1 Rc8 17. Ne5 cxd4 18.
Bxh6 gxh6 19. Rxd4 Nxe5 20. Qxe5 Qg5 21. f4 Qxe5 22.
fxe5 a5 23. Rg4+ Kh8 24. Rf1 Ne3 0-1

[Event "*** SCC Grand Prix: Titled Tuesday Blitz"]
[Site "Chess.com"]
[Date "2020.07.07"]
[Round "2"]
[White "TargetA"]
[Black "ElCoachRene"]
[Result "1-0"]
[WhiteElo "2560"]
[BlackElo "2246"]
[TimeControl "180+1"]
[EndTime "10:16:16 PDT"]
[Termination "TargetA won by resignation"]

1. e4 Nc6 2. Nf3 e5 3. Bb5 Nge7 4. d4 exd4 5. Nxd4 Nxd4 6. Qxd4 Nc6 7. Bxc6 dxc6 8.
Qxd8+ Kxd8 9. Nc3 Bb4 10. Bg5+ f6 11. O-O-O+ Ke7 12. Bf4 Bd6 13. e5 fxe5 14. Rhe1 Be6 15.
Bxe5 Rhf8 16. f4 Rf7 17. Bxd6+ cxd6 18. Ne4 Rxf4 19. Nxd6 Rd8 20. Nxb7 Rxd1+ 21. Kxd1 Kf6 22. Nc5 Bg4+ 23. Kc1 Rf2 24. Ne4+ 1-0

[Event "*** SCC Grand Prix: Titled Tuesday Blitz"]
[Site "Chess.com"]
[Date "2020.07.07"]
[Round "2"]
[White "Salem-AR"]
[Black "stefan_95"]
[Result "1-0"]
[WhiteElo "2932"]
[BlackElo "2581"]
[TimeControl "180+1"]
[EndTime "10:16:20 PDT"]
[Termination "Salem-AR won on time"]

1. d4 Nf6 2. c4 e6 3. Nf3 b6 4. a3 Bb7 5. Nc3 d5 6. cxd5 exd5 7. Bg5 Be7 8. e3 Nbd7 9. Bd3 O-O 10. Qc2 h6 11. Bh4 Re8 12. Rd1 Ne4 13. Bg3 Nxg3 14. hxg3 a6 15. g4 c5 16. Bh7+ Kh8 17. Bf5 Bf6 18. g5 Bxg5 19. Bxd7 Rf8 20. dxc5 f5 21. c6 Bc8 22. Rxd5 Qe7 23. Ne5 Qf6 24. f4 Bh4+ 25. Kf1 Bg3 26. Rh3 Bxf4 27. exf4 Bxd7 28. cxd7 1-0

[Event "*** SCC Grand Prix: Titled Tuesday Blitz"]
[Site "Chess.com"]
[Date "2020.07.07"]
[Round "2"]
[White "Godzillator"]
[Black "Synctel"]
[Result "1-0"]
[WhiteElo "2361"]
[BlackElo "1917"]
[TimeControl "180+1"]
[EndTime "10:16:23 PDT"]
[Termination "Godzillator won on time"]

1. d4 Nf6 2. c4 e6 3. Nc3 Bb4 4. Qc2 Nc6 5. Nf3 h6 6. Bd2 O-O 7. a3 Bxc3 8. Bxc3 d6 9. e3 a5 10. Be2 Qe7 11. O-O e5 12. dxe5 dxe5 13. h3 b6 14. b3 Bb7 15. Qb2 Rfe8 16. b4 Ne4 17. b5 Nxc3 18. Qxc3 Nd8 19. Rad1 f6 20. Rd2 Ne6 21.
Rfd1 Nc5 22. Ne1 Qf7 23. Bf3 Bxf3 24. Nxf3 Ne4 25. Qc2 Nxd2 26. Rxd2 Rad8 27. Nh4 Rxd2 28. Qxd2 Qxc4 29. Nf5 Qf7 30. g4 Kh7 31. Qc2 g6 32. Ng3 Qd5 33. Qxc7+ Kg8 34. a4 Qe6 35. Ne4 1-0

[Event "*** SCC Grand Prix: Titled Tuesday Blitz"]
[Site "Chess.com"]
[Date "2020.07.07"]
[Round "2"]
[White "Alkhoori90"]
[Black "KingCrusher275"]
[Result "1-0"]
[WhiteElo "2236"]
[BlackElo "2431"]
[TimeControl "180+1"]
[EndTime "10:16:24 PDT"]
[Termination "Alkhoori90 won by resignation"]

1. e4 c5 2. f4 e6 3. Nf3 d5 4. Bb5+ Nc6 5. Bxc6+ bxc6 6. d3 Nf6 7. Nc3 Be7 8. O-O O-O 9. e5 Nd7 10. Bd2 Rb8 11. Rb1 Ba6 12. a3 Qc7 13. Kh1 Rb7 14. Ne2 Rfb8 15. Bc1 c4 16. d4 Bxa3 17. Ra1 c3 18.
bxa3 c5 19. dxc5 Nxc5 20. Be3 Ne4 21. Re1 Rb2 22. Ng3 Nc5 23. Bxc5 Qxc5 24. Nd4 h6 25. f5 exf5 26. Ngxf5 Bc8 27. Qg4 g6 28. Nxh6+ Kg7 29. Qf4 R8b7 30. Ng4 Bxg4 31. Qxg4 1-0

[Event "*** SCC Grand Prix: Titled Tuesday Blitz"]
[Site "Chess.com"]
[Date "2020.07.07"]
[Round "2"]
[White "Timerkhanov"]
[Black "sertalzin"]
[Result "1-0"]
[WhiteElo "2619"]
[BlackElo "2025"]
[TimeControl "180+1"]
[EndTime "10:16:26 PDT"]
[Termination "Timerkhanov won on time"]

1. d4 d5 2. Nf3 Nf6 3. Bf4 g6 4. e3 Bg7 5. c4 O-O 6. Nc3 c5 7.
Be2 cxd4 8. Nxd4 Nc6 9. Nxc6 bxc6 10. Be5 e6 11. O-O Nd7 12. Bxg7 Kxg7 13. Rc1 Rb8 14. b3 Qe7 15. Na4 Rd8 16. Qd4+ Nf6 17. Qe5 Ba6 18. Rfe1 Qd6 19. Qxd6 Rxd6 20. c5 Bxe2 21. cxd6 Bb5 22. Nc5 Ne4 23. a4 Nxc5 24. axb5 Nxb3 25. bxc6 Nxc1 26. Rxc1 Kf6 27. c7 1-0

[Event "*** SCC Grand Prix: Titled Tuesday Blitz"]
[Site "Chess.com"]
[Date "2020.07.07"]
[Round "2"]
[White "Firouzja2003"]
[Black "aliba25"]
[Result "1-0"]
[WhiteElo "3110"]
[BlackElo "2610"]
[TimeControl "180+1"]
[EndTime "10:16:27 PDT"]
[Termination "Firouzja2003 won by resignation"]

1. d4 Nf6 2. c4 c5 3. d5 b5 4. cxb5 a6 5. e3 g6 6. Nc3 Bg7 7. a4 O-O 8. Ra3 Bb7 9. Nf3 e6 10. e4 exd5 11. exd5 Re8+ 12. Be2 axb5 13. axb5 Rxa3 14.
bxa3 Qa5 15. Qd2 Nxd5 16. Nxd5 Qxd2+ 17. Bxd2 Bxd5 18. Be3 Bd4 19. Nxd4 cxd4 20. Bxd4 Bc4 21. Be3 d5 22. Bxc4 dxc4 23. Ke2 Nd7 24. Rc1 Nb6 25. Kf3 Nd7 26. b6 Ra8 27. b7 Rxa3 28. Rxc4 Rb3 29. Rc7 Nf8 30. Rc8 Rxb7 31. Bh6 1-0

[Event "*** SCC Grand Prix: Titled Tuesday Blitz"]
[Site "Chess.com"]
[Date "2020.07.07"]
[Round "2"]
[White "Makswolf200817"]
[Black "VitaliyBernadskiy"]
[Result "0-1"]
[WhiteElo "2508"]
[BlackElo "2758"]
[TimeControl "180+1"]
[EndTime "10:16:28 PDT"]
[Termination "VitaliyBernadskiy won by resignation"]

1. d4 Nf6 2. c4 e6 3. Nf3 d5 4. g3 dxc4 5. Bg2 Nc6 6. O-O Rb8 7. a4 Bd6 8. Qc2 e5 9. Qxc4 Be6 10. Qc3 Nd5 11.
Qd3 Ndb4 12. Qd1 O-O 13. Bg5 f6 14. Be3 Nd5 15. Nc3 Nxe3 16. fxe3 Bf7 17. d5 Nb4 18. e4 c6 19. Nh4 g6 20. Kh1 Bc5 21. dxc6 Qxd1 22.
Raxd1 Bb3 23. c7 Rbc8 24. Rd7 Be6 25. Rd2 Rxc7 26. Nb5 Rd7 27. Rfd1 Rfd8 28. Rxd7 Rxd7 29. Rxd7 Bxd7 30. Nc3 Bd4 31. Nf3 Bxc3 32. bxc3 Na2 33. a5 Nxc3 34. Nd2 Nxe2 35. Nc4 Bc6 36. h4 0-1

[Event "*** SCC Grand Prix: Titled Tuesday Blitz"]
[Site "Chess.com"]
[Date "2020.07.07"]
[Round "2"]
[White "albi1999"]
[Black "124chess"]
[Result "0-1"]
[WhiteElo "2479"]
[BlackElo "2694"]
[TimeControl "180+1"]
[EndTime "10:16:34 PDT"]
[Termination "124chess won by resignation"]

1. d4 Nf6 2. c4 e6 3. Nf3 d5 4. g3 a6 5. Bg2 dxc4 6. O-O Nc6 7. e3 Bd7 8. Qe2 b5 9. b3 cxb3 10. axb3 Be7 11. Bd2 O-O 12. Rc1 Nb4 13. Ne5 Nfd5 14. Na3 Be8 15. Nc2 Nc6 16. Nd3 a5 17. e4 Nf6 18. d5 exd5 19. e5 Ne4 20. Bxe4 dxe4 21.
Qxe4 Qd7 22. Be3 Rd8 23. Nc5 Qd5 24. Qxd5 Rxd5 25. Na3 Nxe5 26. Nxb5 Bxb5 27. Rxa5 c6 0-1

[Event "*** SCC Grand Prix: Titled Tuesday Blitz"]
[Site "Chess.com"]
[Date "2020.07.07"]
[Round "2"]
[White "dpopadic"]
[Black "VladaSviridova"]
[Result "1-0"]
[WhiteElo "2414"]
[BlackElo "2127"]
[TimeControl "180+1"]
[EndTime "10:16:34 PDT"]
[Termination "dpopadic won by resignation"]

1. e4 e6 2. Nf3 d5 3. e5 c5 4. b4 cxb4 5. d4 Nc6 6. a3 f6 7. axb4 Bxb4+ 8. c3 Be7 9. Bd3 fxe5 10. Nxe5 Nf6 11. Nd2 O-O 12. Ndf3 Bd7 13. O-O a6 14. Qe2 Rc8 15. Re1 Nxe5 16. Nxe5 Rxc3 17. Bd2 Rc8 18. Reb1 Bc6 19. Nxc6 Rxc6 20. Rxb7 Ne4 21. Bxe4 dxe4 22. Qxe4 Rb6 23. Ba5 Rxb7 24. Bxd8 Rd7 25.
Bxe7 Rxe7 26. Rxa6 Rd8 27. g3 g6 28. Rxe6 1-0

[Event "*** SCC Grand Prix: Titled Tuesday Blitz"]
[Site "Chess.com"]
[Date "2020.07.07"]
[Round "2"]
[White "Korchmar_Vasiliy"]
[Black "mortngabriel"]
[Result "1-0"]
[WhiteElo "2607"]
[BlackElo "2315"]
[TimeControl "180+1"]
[EndTime "10:16:35 PDT"]
[Termination "Korchmar_Vasiliy won by resignation"]

1. e4 c5 2. Nf3 e6 3. d4 cxd4 4. Nxd4 Nf6 5. Nc3 Bb4 6. Bd3 Nc6 7. Nxc6 bxc6 8. e5 Nd5 9. Qg4 O-O 10. Bh6 g6 11. O-O Bxc3 12. bxc3 Re8 13. h4 f5 14.
exf6 Qxf6 15. h5 Kh8 16. hxg6 hxg6 17. Qxg6 Qxg6 18. Bxg6 Rg8 19. Bf7 Rg4 20. f3 Rc4 21. Kf2 Rh4 22. Rh1 1-0

[Event "*** SCC Grand Prix: Titled Tuesday Blitz"]
[Site "Chess.com"]
[Date "2020.07.07"]
[Round "2"]
[White "Ginger_GM"]
[Black "grandemestregringo"]
[Result "1-0"]
[WhiteElo "2674"]
[BlackElo "2470"]
[TimeControl "180+1"]
[EndTime "10:16:36 PDT"]
[Termination "Ginger_GM won by resignation"]

1. d4 d5 2. c4 c6 3. Nc3 Nf6 4. cxd5 cxd5 5. Bf4 Nc6 6. e3 e6 7. Bd3 Be7 8. Nf3 O-O 9. h3 a6 10. O-O b5 11. a4 b4 12. Ne2 Bb7 13. Nc1 Na5 14. Ne5 Nd7 15. Nb3 Nxe5 16. Bxe5 f6 17.
Bg3 Nc4 18. Qe2 Rc8 19. Rfc1 Qb6 20. a5 Qc6 21. Nd2 Ba8 22. f3 Bb7 23. b3 Qd7 24. bxc4 dxc4 25. Nxc4 1-0

[Event "*** SCC Grand Prix: Titled Tuesday Blitz"]
[Site "Chess.com"]
[Date "2020.07.07"]
[Round "2"]
[White "gagtemp"]
[Black "saraswathii"]
[Result "0-1"]
[WhiteElo "1880"]
[BlackElo "2351"]
[TimeControl "180+1"]
[EndTime "10:16:36 PDT"]
[Termination "saraswathii won by resignation"]

1. e4 c5 2. Nf3 e6 3. d4 cxd4 4. Nxd4 Nf6 5. Nc3 Nc6 6. Be3 Bb4 7. Bd3 d5 8. exd5 Nxd5 9. Qd2 O-O 10. Nxc6 bxc6 11.
O-O Qa5 12. Bd4 c5 13. Be5 f6 14. Bd6 Rd8 15. Bg3 Nxc3 16. bxc3 Bxc3 17. Qf4 Bb7 18.
Qh4 h6 19. Rab1 Bd5 20. Qg4 f5 21. Qg6 c4 22. Be2 Rf8 23. Bh5 Rf6 0-1

[Event "*** SCC Grand Prix: Titled Tuesday Blitz"]
[Site "Chess.com"]
[Date "2020.07.07"]
[Round "2"]
[White "NowInChess"]
[Black "amylazy"]
[Result "0-1"]
[WhiteElo "2171"]
[BlackElo "2429"]
[TimeControl "180+1"]
[EndTime "10:16:37 PDT"]
[Termination "amylazy won on time"]

1. e4 c5 2. d3 g6 3. g3 Bg7 4. Bg2 Nc6 5. f4 d6 6. Nf3 Nf6 7. O-O O-O 8. h3 Rb8 9. Nh4 b5 10. e5 Nh5 11. Bxc6 dxe5 12. Kh2 exf4 13. Bxf4 Nxf4 14. gxf4 Bxb2 15. Nd2 Bxa1 16. Qxa1 e5 17. Ndf3 exf4 18. Qe5 Bxh3 19. Kxh3 Qc8+ 20. Nf5 Qxf5+ 21.
Qxf5 gxf5 22. Rg1+ Kh8 23. Bd5 Rb6 24. Ng5 Rh6+ 25.
Kg2 Rg6 26. Kf2 Kg7 27. Nh3 Rxg1 28. Kxg1 Kf6 29. c4 Ke5 30. Kf2 b4 31. Kf3 a5 32.
Nxf4 a4 33. Ng2 a3 34. Ne3 f4 0-1

[Event "*** SCC Grand Prix: Titled Tuesday Blitz"]
[Site "Chess.com"]
[Date "2020.07.07"]
[Round "2"]
[White "AlphaHero0"]
[Black "EvgenyRomanov"]
[Result "0-1"]
[WhiteElo "1960"]
[BlackElo "2617"]
[TimeControl "180+1"]
[EndTime "10:16:38 PDT"]
[Termination "EvgenyRomanov won by resignation"]

1. e4 g6 2. Nf3 Bg7 3. d4 d6 4.
h3 c5 5. dxc5 Qa5+ 6. Nc3 Bxc3+ 7. bxc3 Qxc3+ 8. Bd2 Qxc5 9. Bd3 Nf6 10. Bh6 Qa5+ 11.
Qd2 Qxd2+ 12. Kxd2 Nbd7 13. Nd4 Nc5 14. f3 Bd7 15.
Nb5 O-O-O 16. Bg7 Nxd3 17. Nxd6+ exd6 18. Bxf6 Nf4 19. Rhg1 Rhe8 20. Bxd8 Kxd8 21. h4 h5 22. g3 Ne6 23. a4 Kc7 24. a5 Bc6 25. c4 Nd4 26. Ke3 Nc2+ 27. Kd3 Nxa1 28. Rxa1 f5 29. exf5 gxf5 0-1